 Dungeon Crawl Stone Soup version 0.29.0-15-g675c0067aa (webtiles) character file.

Game seed: 6669405160726659822

2947 xian the Magician (level 9, -8/61 HPs)
             Began as a Demonspawn Air Elementalist on Sept 12, 2022.
             Was a Believer of Vehumet.
             Mangled by an eight-headed hydra (11 damage)
             ... on level 8 of the Dungeon.
             The game lasted 00:16:59 (9108 turns).

xian the Magician (Demonspawn Air Elementalist)     Turns: 9108, Time: 00:17:01

Health: -8/61      AC:  5    Str: 11    XL:     9   Next: 51%
Magic:  17/19      EV: 16    Int: 22    God:    Vehumet [**....]
Gold:   447        SH:  0    Dex: 10    Spells: 8/21 levels left

rFire   . . .      SeeInvis .   r - +8 hand axe "Doqax" {vorpal, Fly Will+ Int+3 Dex-3}
rCold   . . .      Faith    .   (no shield)
rNeg    . . .      Spirit   .   a - +0 robe
rPois   .          Reflect  .   t - +0 helmet
rElec   .          Harm     .   (no cloak)
rCorr   .          Rampage  .   o - +1 pair of gloves
Will    +....                   (no boots)
Stlth   ++........              F - amulet of the acrobat
HPRegen 0.20/turn               f - +4 ring of slaying
MPRegen 0.16/turn               E - +4 ring of evasion

@: mighty, flying
A: powered by pain 1, spiny 2
a: Renounce Religion


You were on level 8 of the Dungeon.
You worshipped Vehumet.
Vehumet was pleased with you.
You visited 2 branches of the dungeon, and saw 9 of its levels.

You collected 447 gold pieces.

Inventory:

Hand Weapons
 l - a +3 quick blade
 r - the +8 hand axe "Doqax" (weapon) {vorpal, Fly Will+ Int+3 Dex-3}
   (You found it on level 3 of the Dungeon)

   It inflicts extra damage upon your enemies.
   Int:       It affects your intelligence (+3).
   Dex:       It affects your dexterity (-3).
   Fly:       It grants you flight.
   Will:      It increases your willpower.
 w - a +0 arbalest
Armour
 a - a +0 robe (worn)
 o - a +1 pair of gloves (worn)
 t - a +0 helmet (worn)
Magical Staves
 y - a staff of cold
Jewellery
 f - a +4 ring of slaying (left hand)
 g - a +6 ring of dexterity
 z - a ring of fire
 E - a +4 ring of evasion (right hand)
 F - an amulet of the acrobat (around neck)
 J - a ring of see invisible
Wands
 s - a wand of polymorph (9)
Scrolls
 c - 2 scrolls of blinking
 e - a scroll of enchant weapon
 i - a scroll of poison
 m - 2 scrolls of teleportation
 u - a scroll of fog
 A - a scroll of magic mapping
 D - 2 scrolls of immolation
 H - a scroll of amnesia {unknown}
 I - a scroll of silence {unknown}
 K - a scroll of noise {unknown}
Potions
 b - 2 potions of magic
 d - 3 potions of haste {unknown}
 h - a potion of mutation
 j - a potion of ambrosia {unknown}
 k - 2 potions of might {unknown}
 n - 5 potions of lignification {unknown}
 p - a potion of berserk rage
 q - 3 potions of cancellation {unknown}
 v - 3 potions of resistance {unknown}
 x - 2 potions of attraction {unknown}
 B - 5 potions of curing {unknown}
 C - 3 potions of brilliance
 G - 2 potions of heal wounds {unknown}


   Skills:
 + Level 2.0 Fighting
 + Level 1.0 Short Blades
 + Level 2.8 Axes
 + Level 3.4 Dodging
 + Level 3.8 Stealth
 + Level 0.9 Unarmed Combat
 + Level 6.8 Spellcasting
 + Level 6.2 Conjurations
 + Level 6.4 Air Magic


You had 8 spell levels left.
You knew the following spells:

 Your Spells              Type           Power      Damage    Failure   Level
a - Shock                 Conj/Air       100%       1d9       1%          1
b - Static Discharge      Conj/Air       35%        3-8/arc   1%          2
c - Swiftness             Air            35%        N/A       1%          3
d - Airstrike             Air            17%        2d(3-19)  6%          4
e - Magic Dart            Conj           100%       1d8       1%          1
f - Searing Ray           Conj           70%        2d7       1%          2

Your spell library contained the following spells:

 Spells                   Type           Power      Damage    Failure   Level
 Sandblast                Erth           14%        2d6       9%          1
 Sting                    Tmut/Pois      28%        1d4       9%          1
 Sublimation of Blood     Necr           7%         N/A       13%         2
 Wereblood                Tmut           7%         N/A       13%         2
 Summon Hydra             Summ           3%         N/A       100%        7


Dungeon Overview and Level Annotations

Branches:
Dungeon (8/15)             Temple (1/1) D:4
   Lair: D:8-11

Altars:
Ashenzari
Cheibriados
Fedhas
Gozag
Hepliaklqana
Kikubaaqudgha
Makhleb
Nemelex Xobeh
Qazlal
Ru
Sif Muna
Trog
Uskayaw
Vehumet
Xom
Yredelemnul

Annotations:
D:3 1 runed translucent door, magus244's ghost, amateur DsCK


Innate Abilities, Weirdness & Mutations

You sometimes gain a little power by taking damage.
You are mostly covered in sharp spines.


Message History

The bullfrog is almost dead.
The bullfrog hits you but does no damage.
The zap misses the bullfrog.
The bullfrog is struck by your spines.
You kill the bullfrog!
Vehumet accepts your kill.
You feel your power returning.
Your Fighting skill increases to level 2!
A seven-headed hydra comes into view.
You hack one of the seven-headed hydra's heads off!
The six-headed hydra grows two more!
You hit the eight-headed hydra.
The eight-headed hydra is lightly wounded.
The eight-headed hydra bites you!
The eight-headed hydra bites you but does no damage.
The eight-headed hydra misses you. The eight-headed hydra bites you!
You focus on the pain.
You feel your power returning.
The eight-headed hydra barely misses you.
The eight-headed hydra bites you but does no damage.
The eight-headed hydra bites you. The eight-headed hydra misses you.
Casting: Shock (safe; 1% risk of failure)
Confirm with . or Enter, or press ? or * to list all spells.
The eight-headed hydra is struck by an arc of lightning.
The eight-headed hydra is lightly wounded.
You are struck by an arc of lightning.
The lightning grounds out.
The eight-headed hydra closely misses you.
The eight-headed hydra bites you but does no damage.
The eight-headed hydra closely misses you. x2
The eight-headed hydra barely misses you.
The eight-headed hydra bites you!
* * * LOW HITPOINT WARNING * * *
You focus on the pain.
You feel very mighty all of a sudden. The eight-headed hydra misses you.
The eight-headed hydra bites you!
* * * LOW HITPOINT WARNING * * *
The eight-headed hydra attacks as you move away!
The eight-headed hydra bites you.
* * * LOW HITPOINT WARNING * * *
The eight-headed hydra completely misses you.
The eight-headed hydra closely misses you.
The eight-headed hydra bites you!
You die...

#. #........ ##..
#.......
##.....##.(.......
..................
......#............
......##...........
..#.......D#......
........ #@#..†...
#...###........
#..)<.)........
##...##†.......#
#...)..........#
#.....#).###.....
#.....#### .<..#
#...... #####
####..#


You could see an eight-headed hydra.

Vanquished Creatures
  Maurice (D:8)
  Sigmund (D:3)
  2 steam dragons
  2 water moccasins (D:6)
  A sky beast (D:7)
  An ogre (D:7)
  2 centaurs
  A phantom (D:5)
  5 bullfrogs
  2 necrophages
  4 scorpions
  4 killer bees (D:6)
  2 howler monkeys (D:8)
  An electric eel (D:6)
  3 orc priests
  A gnoll bouda (D:6)
  3 hounds
  2 jellies
  4 iguanas
  Terence (D:3)
  4 orc wizards
  8 adders
  2 worms
  5 dart slugs
  16 orcs
  11 endoplasms
  A giant cockroach (D:3)
  7 hobgoblins
  3 jackals (D:5)
  A quokka (D:3)
  9 ball pythons
  3 bats (D:2)
  3 frilled lizards
  A goblin (D:2)
  5 kobolds
  10 rats
132 creatures vanquished.

Vanquished Creatures (others)
  3 plants
3 creatures vanquished.

Grand Total: 135 creatures vanquished

Notes
Turn   | Place    | Note
-------+----------+-------------------------------------------
     0 | D:1      | xian the Demonspawn Air Elementalist began the quest for
                  | the Orb.
     0 | D:1      | Reached XP level 1. HP: 13/13 MP: 3/3
   507 | D:1      | Gained mutation: You are partially covered in sharp spines.
                  | [demonic ancestry]
   507 | D:1      | Reached XP level 2. HP: 19/19 MP: 0/5
   510 | D:1      | Learned a level 2 spell: Static Discharge
  1403 | D:1      | You fall into a shaft and drop 1 floor!
  1698 | D:2      | Reached XP level 3. HP: 24/24 MP: 3/6
  1810 | D:2      | Found a faded altar of an unknown god.
  1820 | D:2      | Got Plato's Almanac of Stones
  2716 | D:3      | Noticed magus244's ghost (amateur DsCK)
  2717 | D:3      | Found a runed translucent door.
  2808 | D:3      | Found a stormy altar of Qazlal.
  2820 | D:3      | Reached XP level 4. HP: 30/30 MP: 1/7
  3010 | D:3      | Noticed Sigmund
  3317 | D:3      | Found an ancient bone altar of Kikubaaqudgha.
  3320 | D:3      | Found a shimmering blue altar of Sif Muna.
  3323 | D:3      | Found a radiant altar of Vehumet.
  3328 | D:3      | Got Sif Muna's Secrets of Permutations
  3402 | D:3      | Identified the +8 hand axe "Doqax" {vorpal, Fly Will+ Int+3
                  | Dex-3}
  3454 | D:3      | Noticed Terence
  3461 | D:3      | Killed Terence
  3462 | D:3      | Gained mutation: You sometimes gain a little power by
                  | taking damage. [demonic ancestry]
  3462 | D:3      | Reached XP level 5. HP: 35/35 MP: 3/9
  3908 | D:4      | Found a staircase to the Ecumenical Temple.
  3927 | Temple   | Entered the Ecumenical Temple
  4126 | D:3      | Became a worshipper of Vehumet
  4215 | D:3      | Killed Sigmund
  4216 | D:3      | Reached XP level 6. HP: 35/41 MP: 9/11
  4548 | D:4      | Learned a level 3 spell: Swiftness
  4757 | D:4      | Reached skill level 1 in Short Blades
  5080 | D:4      | Found a basalt altar of Yredelemnul.
  5314 | D:4      | Reached XP level 7. HP: 46/46 MP: 6/13
  5385 | D:4      | Learned a level 4 spell: Airstrike
  5461 | D:4      | Found a burning altar of Makhleb.
  5742 | D:5      | Entered Level 5 of the Dungeon
  5807 | D:5      | Reached skill level 1 in Fighting
  5893 | D:5      | Reached * piety under Vehumet
  5893 | D:5      | Offered knowledge of Magic Dart by Vehumet.
  5896 | D:5      | Learned a level 1 spell: Magic Dart
  6745 | D:6      | Reached skill level 5 in Spellcasting
  6745 | D:6      | Reached skill level 5 in Air Magic
  6745 | D:6      | Gained mutation: You are mostly covered in sharp spines.
                  | [demonic ancestry]
  6745 | D:6      | Reached XP level 8. HP: 54/54 MP: 11/15
  6866 | D:6      | Reached skill level 1 in Axes
  7351 | D:6      | Reached skill level 5 in Conjurations
  7823 | D:6      | Found a snail-covered altar of Cheibriados.
  8252 | D:7      | Reached XP level 9. HP: 54/61 MP: 18/18
  8285 | D:7      | Found an opulent altar of Gozag.
  8575 | D:7      | Reached ** piety under Vehumet
  8575 | D:7      | Offered knowledge of Searing Ray by Vehumet.
  8583 | D:7      | Learned a level 2 spell: Searing Ray
  9015 | D:8      | Noticed Maurice
  9051 | D:8      | Killed Maurice
  9101 | D:8      | Noticed a seven-headed hydra
  9108 | D:8      | HP: 3/61 [eight-headed hydra (3)]
  9108 | D:8      | Mangled by an eight-headed hydra

Illustrated notes

Levels and vault maps discovered:
D:1:      dpeg_arrival_rooms_c, layout_basic, ebering_dispersal_statue_hall,
          hex_medium
D:2:      layout_basic, shapermc_ecumenical_altar_rom_forum, minmay_diced_spiral
D:3:      layout_rooms, grunt_temple_overflow_magic_moments,
          mainiacjoe_overflow_small_starburst, hellmonk_ghost_happy_afterlife,
          uniq_sigmund, uniq_terence
D:4:      wad_pebble_path, layout_basic, lightli_temple_of_fire,
          kennysheep_little_box, minmay_temple_entry_offerings,
          minmay_hedge_maze, serial_bayou_pond_a
D:5:      layout_rooms, nicolae_underground_beach
D:6:      layout_basic, mainiacjoe_overflow_boulevard, kennysheep_dice
D:7:      layout_gridville, nicolae_gozag_cash_rules_everything_around_me
D:8:      nzn_winding_woodlands_small [nzn_winding_woodlands_5x15_twine,
          nzn_winding_woodlands_center_diamonds,
          nzn_winding_woodlands_5x15_lazy_stream], layout_cave_pools,
          nicolae_lava_and_water, kennysheep_crisscross, nzn_random_ring,
          uniq_maurice
Temple:   jpeg_temple_clearing

Skill      XL: |  1  2  3  4  5  6  7  8  9 |
---------------+----------------------------+-----
Dodging        | 2 3 |  3.4
Air Magic      | 3 4 5 6 |  6.4
Conjurations   | 2 3 4 5 6 |  6.2
Spellcasting   | 3 4 5 6 |  6.8
Stealth        | 2 3 |  3.8
Short Blades   | 1 |  1.0
Fighting       | 1 2 |  2.0
Axes           | 2 |  2.8
Unarmed Combat | |  0.9

Action                   |  1- 3 |  4- 6 |  7- 9 || total
-------------------------+-------+-------+-------++-------
Melee: Dagger            |    17 |       |       ||    17
       Quick blade       |     2 |     9 |       ||    11
       Hand axe          |       |    11 |    58 ||    69
       Punch             |       |     1 |     1 ||     2
       Unarmed           |       |       |    17 ||    17
 Cast: Shock             |   100 |    54 |   138 ||   292
       Static Discharge  |     2 |       |     8 ||    10
       Searing Ray       |       |       |     3 ||     3
       Magic Dart        |       |       |     1 ||     1
  Use: Scroll            |       |       |    10 ||    10
 Stab: Sleeping          |       |       |     4 ||     4
Armor: Robe              |     4 |    10 |    15 ||    29
       Skin              |       |       |     1 ||     1
Dodge: Dodged            |    16 |     6 |    90 ||   112
